AoeStats
← Fizzle twist

Arabia

510031149Analyzed
1v1 RM · 3d ago on Sep 29, 2026· 53m 33s· 2 players
Game mode
Random Map
Map size
Tiny (2 player)
Population
200
Speed
Normal
Resources
Standard
Victory
Conquest
Starting age
Dark Age
Ending age
Imperial Age
RankedLock teamsTeams togetherTeam positionsShared explorationLock speedFull tech treeHidden civsTurbo modeCheats
Victory
Defeat
🇬🇧 Persians · United Kingdom
816
+14
🇮🇳 Franks · India
773
-14
scotchmalt
9:59 Feudal Age
11:50 Loom
13:44 Padded Archer Armor
13:34 Fletching
19:26 Double-Bit Axe
22:55 Castle Age
24:06 Double-Bit Axe
25:59 Forging
28:41 Iron Casting
28:07 Scale Mail Armor
29:19 Pikeman
34:30 Murder Holes
36:19 Chain Mail Armor
47:52 Imperial Age
46:34 Squires
49:07 Conscription
52:21 Light Cavalry
Fizzle twist
2:50 Loom
3:05 Loom
3:27 Loom
3:45 Loom
10:14 Feudal Age
10:43 Double-Bit Axe
10:59 Horse Collar
11:57 Town Watch
20:10 Castle Age
19:39 Gold Mining
19:56 Arson
21:00 Wheelbarrow
22:17 Stone Mining
22:20 Fletching
23:07 Bow Saw
23:58 Bodkin Arrow
25:48 Hand Cart
26:23 Bloodlines
28:13 Heavy Plow
29:26 Ballistics
29:44 Scale Barding Armor
29:50 Forging
33:52 Padded Archer Armor
34:10 Guard Tower
35:35 Herbal Medicine
36:31 Husbandry
37:35 Fervor
40:20 Man-at-Arms
41:04 Squires
43:41 Imperial Age
42:26 Scale Mail Armor
42:25 Murder Holes
42:42 Masonry
42:06 Long Swordsman
43:21 Capped Ram
44:59 Conscription
45:55 Leather Archer Armor
48:25 Hoardings
51:39 Architecture
52:11 Chemistry
52:59 Gambesons
52:38 Siege Ram
Connection lost

Rejoining the realm…

Still unreachable

The connection could not be restored.

Session expired

The server has moved on; the page needs a fresh start.